 Dungeon Crawl Stone Soup version 0.30.0-17-ge0270778cf (webtiles) character file.

Game seed: 10402077483544787512

17192 wormsofcant the Skirmisher (level 12, -10/96 HPs)
             Began as a Green Draconian Hexslinger on May 21, 2023.
             Was the Champion of Makhleb.
             Mangled by a death yak (20 damage)
             ... in an ice cave.
             The game lasted 00:32:39 (14678 turns).

wormsofcant the Skirmisher (DrHs)                  Turns: 14678, Time: 00:32:40

Health: -10/96     AC: 11    Str: 12    XL:     12   Next: 16%
Magic:  16/16      EV: 16    Int: 13    God:    Makhleb [******]
Gold:   403        SH:  0    Dex: 22    Spells: 2/13 levels left

rFire   + . .        O - +5 mace of Karma {venom, rPois rF+ rCorr Int-2}
rCold   + . .        (no shield)
rNeg    . . .        (body armour unavailable)
rPois   +            I - +2 hat
rElec   .            (no cloak)
rCorr   +            K - +0 pair of gloves
SInv    .            (no boots)
Will    .....        (no amulet)
Stlth   ++           q - +6 ring of dexterity
HPRegen 0.36/turn    T - ring of protection from cold
MPRegen 0.15/turn

%: no passive effects
@: short of breath
A: breathe noxious fumes, AC +8, unfitting armour, poison resistance,
cold-blooded
a: Breathe Noxious Fumes, Renounce Religion, Minor Destruction, Lesser Servant
of Makhleb, Major Destruction, Greater Servant of Makhleb


You were in an ice cave.
You worshipped Makhleb.
Makhleb was exalted by your worship.
You visited 2 branches of the dungeon, and saw 12 of its levels.
You also visited: Ossuary and Ice Cave.

You collected 700 gold pieces.
You spent 297 gold pieces at shops.

Inventory:

Hand Weapons
 a - a +1 sling of flaming
 b - a +5 falchion of freezing
 w - a +2 dagger of venom
 G - a +1 dagger of electrocution
 O - the +5 mace of Karma (weapon) {venom, rPois rF+ rCorr Int-2}
   (You took it off a kobold on level 2 of the Dungeon)

   Int:       It affects your intelligence (-2).
   rF:        It protects you from fire.
   rPois:     It protects you from poison.
   rCorr:     It protects you from acid and corrosion.
Missiles
 g - 9 boomerangs
 l - 6 boomerangs of dispersal
 v - 2 throwing nets
 V - 8 curare-tipped darts
Armour
 I - a +2 hat (worn)
 K - a +0 pair of gloves (worn)
Magical Staves
 S - the staff of cold "Qianol" {rPois rC+ rCorr}
   (You found it on level 9 of the Dungeon)

   [staff of cold]

   Base accuracy: +5 Base damage: 5 Base attack delay: 1.2 This weapon's minimum
   attack delay (0.6) is reached at skill level 12.
   rC:        It protects you from cold.
   rPois:     It protects you from poison.
   rCorr:     It protects you from acid and corrosion.
   It falls into the 'Staves' category.
   It is a one-handed weapon.
Jewellery
 h - a ring of willpower
 q - a +6 ring of dexterity (left hand)
 C - a ring of protection from fire
 J - a +6 ring of dexterity
 M - a ring of positive energy
 T - a ring of protection from cold (right hand)
Wands
 t - a wand of iceblast (6)
 x - a wand of digging (9)
 y - a wand of flame (10)
 F - a wand of charming (3)
 H - a wand of quicksilver (8)
 U - a wand of polymorph (3)
Scrolls
 c - 2 scrolls of poison
 d - a scroll of torment
 i - 2 scrolls of amnesia
 j - 4 scrolls of fog
 k - a scroll of vulnerability
 m - 2 scrolls of butterflies
 n - 2 scrolls of magic mapping
 p - 5 scrolls of enchant weapon {unknown}
 s - 7 scrolls of teleportation {unknown}
 u - 4 scrolls of blinking {unknown}
 B - 2 scrolls of enchant armour {unknown}
 X - a scroll of brand weapon
Potions
 f - 2 potions of cancellation {unknown}
 o - 2 potions of heal wounds
 r - 4 potions of brilliance
 z - a potion of ambrosia
 A - 2 potions of berserk rage {unknown}
 D - 3 potions of haste
 E - 2 potions of curing
 L - 2 potions of resistance
 N - a potion of magic
 P - 2 potions of mutation {unknown}
 Q - a potion of flight
 W - a potion of might {unknown}


   Skills:
 - Level 6.0 Fighting
 * Level 7.6 Long Blades
 - Level 4.0 Maces & Flails
 - Level 12.0 Ranged Weapons
 - Level 6.0 Dodging
 - Level 1.0 Spellcasting
 - Level 8.0 Hexes
 - Level 6.0 Invocations


You had 2 spell levels left.
You knew the following spells:

 Your Spells              Type           Power      Damage    Failure   Level
a - Slow                  Hex            84%        N/A       1%          1
b - Portal Projectile     Hex/Tloc       22%        N/A       16%         3
c - Cause Fear            Hex            10%        N/A       11%         4
x - Apportation           Tloc           0%         N/A       28%         1
E - Passwall              Tmut/Erth      0%         N/A       38%         2

Your spell library contained the following spells:

 Spells                   Type           Power      Damage    Failure   Level
 Sandblast                Erth           0%         2d4       28%         1
 Sublimation of Blood     Necr           0%         N/A       38%         2
 Wereblood                Tmut           0%         N/A       38%         2
 Tukima's Dance           Hex            21%        N/A       3%          3
 Inner Flame              Hex/Fire       11%        N/A       16%         3
 Stone Arrow              Conj/Erth      0%         3d7       63%         3
 Yara's Violent Unravell  Hex/Tmut       5%         3d4       83%         5
 Passage of Golubria      Tloc           0%         N/A       95%         4
 Alistair's Intoxication  Tmut/Pois      0%         N/A       100%        5
 Summon Hydra             Summ           0%         N/A       100%        7


Dungeon Overview and Level Annotations

Branches:
Dungeon (11/15)            Temple (0/1) D:7            Lair (1/5) D:10
    Orc (0/2) D:9         Ossuary (visited)           IceCv (1/1)

Altars:
Ashenzari
Cheibriados
Dithmenos
Fedhas
Gozag
Makhleb
Qazlal
Zin

Shops:
D:4 !

Annotations:
D:3 Sigmund
D:9 exclusions: orange demon and ugly thing, Amaemon
D:11 Nergalle


Innate Abilities, Weirdness & Mutations

You can breathe blasts of noxious fumes.
Your lurid green scales are hard. (AC +8)
You cannot fit into any form of body armour.
Your system is resistant to poisons. (rPois)
You are cold-blooded and may be slowed by cold attacks.


Message History

The sling bullet burns the death yak.
The death yak is lightly wounded.
The death yak is engulfed in noxious fumes.
The death yak appears confused.
Your +1 sling of flaming stops flaming.
You feel stupid.
The +5 mace of Karma {venom, rPois rF+ rCorr Int-2} begins to drip with poison!
O - the +5 mace of Karma (weapon)
{venom, rPois rF+ rCorr Int-2} The death yak is engulfed in noxious fumes.
You hit the death yak but do no damage.
The death yak is lightly wounded.
You catch the helpless death yak completely off-guard!
You hit the death yak.
The death yak is poisoned.
You tail-slap the death yak.
You punch the death yak, but do no damage.
The death yak is lightly wounded.
The death yak gores you!
The death yak gores itself.
You completely miss the death yak.
You tail-slap the death yak, but do no damage.
The death yak is lightly wounded.
The death yak seems less confused.
You hit the death yak.
The death yak is lightly wounded.
The death yak barely misses you.
You hit the death yak.
The death yak looks as sick as possible!
You punch the death yak, but do no damage.
The death yak is moderately wounded.
The death yak gores you! The death yak gores you!!
The death yak attacks as you move away! The death yak gores you!
The death yak attacks as you move away! The death yak gores you!
The death yak attacks as you move away! The death yak gores you.
The death yak attacks as you move away! The death yak gores you!!
* * * LOW HITPOINT WARNING * * *
As you read the scroll of fear, it crumbles to dust.
You assume a fearsome visage.
The death yak resists with some effort.
The death yak gores you but does no damage.
As you read the scroll of fear, it crumbles to dust.
You assume a fearsome visage.
The death yak resists with some effort.
The death yak gores you!!
You die...

### ### #.## ###.##
## ...# ####....####
##.
.∩.######....##.@..##
#[#
.....#....#######Y..#
##.
.##....########....##
## #
##########....####
##. ###.....####
####.Y ####..######
##...## ###....##
###### #..###
#...#### ###....###
##..## ..###
###...##.Y.### ##..#


You could see a death yak (very poisoned).

Vanquished Creatures
  Erica (D:9)
  2 two-headed ogres (D:10)
  An elephant (D:10)
  A cane toad (Lair:1)
  A komodo dragon (D:11)
  A troll (D:10)
  5 polar bears (IceCv)
  A hornet (D:8)
  29 yaks
  2 wyverns
  A wraith (D:9)
  Eustachio (D:4)
  Menkaure (D:6)
  3 steam dragons
  3 vampire mosquitoes (D:10)
  A water moccasin (D:7)
  2 ice beasts
  9 orc warriors
  3 sky beasts
  6 black bears
  18 wolves
  6 centaurs
  8 ogres
  A phantom (D:3)
  3 kobold brigands
  5 gnoll sergeants
  Blork the orc (D:4)
  5 bullfrogs
  2 scorpions (D:5)
  4 wights (D:7)
  A killer bee (D:8)
  3 howler monkeys
  9 orc priests
  A hound (D:5)
  A jelly (D:4)
  A gnoll bouda (D:7)
  3 sleepcaps
  7 iguanas
  Ijyb (D:3)
  Natasha (thrice) (D:2)
  6 orc wizards
  9 mummies
  Robin (D:3)
  20 gnolls
  5 adders
  2 shadow imps
  16 white imps
  An ufetubus (D:5)
  4 worms
  A dart slug (D:4)
  46 orcs
  4 endoplasms
  2 giant cockroaches
  2 gnoll zombies (Ossuary)
  10 goblins
  9 hobgoblins
  7 jackals
  3 quokkas
  2 ball pythons (D:1)
  3 bats
  4 frilled lizards
  2 hobgoblin zombies (Ossuary)
  20 kobolds
  2 kobold zombies (Ossuary)
  2 orc zombies (Ossuary)
  5 rats
345 creatures vanquished.

Notes
Turn   | Place    | Note
-------+----------+-------------------------------------------
     0 | D:1      | wormsofcant the Draconian Hexslinger began the quest for
                  | the Orb.
     0 | D:1      | Reached XP level 1. HP: 16/16 MP: 2/2
    28 | D:1      | Reached skill level 2 in Ranged Weapons
   155 | D:1      | Reached XP level 2. HP: 23/23 MP: 1/3
   415 | D:1      | Found a faded altar of an unknown god.
   418 | D:1      | Reached skill level 3 in Ranged Weapons
   486 | D:1      | Prayed at the altar of an unknown god.
   486 | D:1      | Became a worshipper of Makhleb the Destroyer
   486 | D:1      | Reached * piety under Makhleb
   730 | D:2      | Reached XP level 3. HP: 22/28 MP: 2/4
  1034 | D:2      | Identified the +5 mace of Karma {venom, rPois rF+ rCorr
                  | Int-2}
  1034 | D:2      | Identified the +4 ring mail "Okhlioti" {Int+4}
  1063 | D:2      | Noticed Natasha
  1073 | D:2      | Killed Natasha
  1074 | D:2      | Reached skill level 4 in Ranged Weapons
  1074 | D:2      | Reached XP level 4. HP: 20/35 MP: 5/5
  1203 | D:2      | Noticed Natasha
  1208 | D:2      | Killed Natasha
  1319 | D:2      | Noticed Natasha
  1326 | D:2      | Killed Natasha
  1652 | D:3      | Found a blossoming altar of Fedhas.
  1663 | D:3      | Found a shadowy altar of Dithmenos.
  1701 | D:3      | Noticed Sigmund
  1707 | D:3      | Learned a level 3 spell: Portal Projectile
  1804 | D:3      | Noticed Ijyb
  1813 | D:3      | Killed Ijyb
  1814 | D:3      | Reached skill level 5 in Ranged Weapons
  1814 | D:3      | Reached XP level 5. HP: 29/40 MP: 6/6
  2009 | D:3      | Reached ** piety under Makhleb
  2303 | D:4      | Noticed an ogre
  2353 | D:4      | Noticed a phantom
  2382 | D:3      | Killed a phantom
  2383 | D:3      | Reached XP level 6. HP: 16/47 MP: 7/7
  2509 | D:4      | Noticed a sky beast
  2661 | D:3      | Reached skill level 6 in Ranged Weapons
  2878 | D:3      | Noticed Robin
  2919 | D:3      | Reached skill level 1 in Maces & Flails
  2945 | D:3      | Killed Robin
  3443 | D:4      | Noticed Eustachio
  3574 | D:4      | Killed Eustachio
  3575 | D:4      | Your scales start taking on a lurid green colour.
  3575 | D:4      | Reached XP level 7. HP: 31/52 MP: 8/8
  3575 | D:4      | Gained mutation: Your system is resistant to poisons.
                  | (rPois) [Green Draconian growth]
  3694 | D:4      | Found a glowing silver altar of Zin.
  3728 | D:4      | Found a broken altar of Ashenzari.
  3728 | D:4      | Found a burning altar of Makhleb.
  3729 | D:4      | Found an opulent altar of Gozag.
  3891 | D:4      | Learned a level 4 spell: Cause Fear
  3917 | D:4      | Found Yleonez's Distillery.
  3921 | D:4      | Noticed Blork the orc
  3930 | D:4      | Killed Blork the orc
  3935 | D:4      | Bought a potion of degeneration for 11 gold pieces
  3935 | D:4      | Bought a potion of haste for 110 gold pieces
  3935 | D:4      | Bought a potion of curing for 33 gold pieces
  3935 | D:4      | Bought a potion of lignification for 33 gold pieces
  4268 | D:5      | Entered Level 5 of the Dungeon
  4278 | D:4      | Reached skill level 7 in Ranged Weapons
  4570 | D:5      | Reached XP level 8. HP: 59/59 MP: 9/9
  4618 | D:5      | Reached *** piety under Makhleb
  4649 | D:5      | Reached skill level 8 in Ranged Weapons
  5723 | D:6      | Reached skill level 9 in Ranged Weapons
  6042 | D:6      | Noticed Menkaure
  6048 | D:6      | Killed Menkaure
  6774 | D:7      | Reached XP level 9. HP: 59/64 MP: 12/12
  6777 | D:7      | Learned a level 2 spell: Passwall
  6885 | D:7      | Found a snail-covered altar of Cheibriados.
  7019 | D:7      | Reached skill level 10 in Ranged Weapons
  7129 | D:7      | Reached skill level 5 in Invocations
  7131 | D:7      | Reached **** piety under Makhleb
  7328 | D:7      | Reached skill level 1 in Long Blades
  7377 | D:7      | Found a staircase to the Ecumenical Temple.
  7652 | D:8      | Found a sand-covered staircase.
  7698 | Ossuary  | Entered an ossuary
  7748 | Ossuary  | Reached ***** piety under Makhleb
  8292 | D:8      | Reached skill level 11 in Ranged Weapons
  8315 | D:8      | Reached XP level 10. HP: 71/71 MP: 14/14
  8957 | D:8      | Reached skill level 12 in Ranged Weapons
  9665 | D:4      | Bought a potion of resistance for 110 gold pieces
  9760 | D:9      | Noticed an orange demon
  9893 | D:9      | Found a stormy altar of Qazlal.
  9907 | D:9      | Reached skill level 5 in Hexes
 10066 | D:9      | Identified the staff of cold "Qianol" {rPois rC+ rCorr}
 10110 | D:9      | Noticed Erica
 10124 | D:9      | Killed Erica
 10441 | D:9      | Reached XP level 11. HP: 61/77 MP: 15/15
 10491 | D:9      | Found a staircase to the Orcish Mines.
 10898 | D:9      | Noticed a white ugly thing
 11068 | D:9      | Learned a level 1 spell: Apportation
 11390 | D:9      | Noticed Amaemon
 11704 | D:10     | Entered Level 10 of the Dungeon
 11915 | D:10     | Reached skill level 5 in Long Blades
 12046 | D:10     | Noticed a two-headed ogre
 12065 | D:10     | Killed a two-headed ogre
 12610 | D:10     | Found a staircase to the Lair.
 12730 | D:10     | Noticed a two-headed ogre
 12753 | D:10     | Killed a two-headed ogre
 12935 | D:11     | Reached skill level 5 in Dodging
 13131 | D:11     | Noticed Nergalle
 13340 | Lair:1   | Entered Level 1 of the Lair of Beasts
 13354 | Lair:1   | Identified the +0 robe "Elualiet" {rC+}
 13405 | Lair:1   | Reached ****** piety under Makhleb
 13722 | Lair:1   | Found a frozen archway.
 13875 | IceCv    | Entered an ice cave
 13977 | IceCv    | Reached skill level 5 in Fighting
 14193 | IceCv    | Reached XP level 12. HP: 96/96 MP: 16/16
 14565 | IceCv    | Noticed a death yak
 14566 | IceCv    | Noticed a death yak
 14678 | IceCv    | Mangled by a death yak

Illustrated notes

Levels and vault maps discovered:
D:1:      minmay_arrival_solitary_statue, layout_rooms,
          nicolae_ecumenical_lake_church
D:2:      layout_basic, uniq_natasha
D:3:      layout_basic, amethyst_overflow_temple_binary, uniq_ijyb, uniq_robin,
          uniq_sigmund
D:4:      layout_gridville, general_overflow_altar,
          gammafunk_temple_overflow_claw, serial_shops, shop,
          uniq_blork_the_orc, uniq_eustachio
D:5:      layout_cave_pools
D:6:      layout_loops_corners, hangedman_decor_points, uniq_menkaure
D:7:      layout_basic, mainiacjoe_overflow_chevrons, temple_hall,
          kennysheep_generic_room_8
D:8:      layout_cave_pools, gup_ossuary_entry_pyramid, kennysheep_kite_vault
D:9:      layout_basic, mainiacjoe_overflow_cross_hatched,
          kennysheep_orc_monster_closet_entryway, uniq_erica, uniq_amaemon
D:10:     layout_long_grid, david_lair_generic, lightli_orcish_oven
D:11:     layout_basic, gammafunk_ghost_spectres, uniq_nergalle, uniq_grum
Lair:1:   layout_big_grid, portal_ice_cave_entry_imps
IceCv:    ice_cave_caverns_01

Skill      XL: |  1  2  3  4  5  6  7  8  9 10 11 12 |
---------------+-------------------------------------+-----
Ranged Weapons | 2 3 4 5 6 7 9 11 12 | 12.0
Maces & Flails | 4 |  4.0
Invocations    | 2 4 6 |  6.0
Long Blades    | 4 6 7 |  7.6
Hexes          | 7 8 |  8.0
Dodging        | 6 |  6.0
Fighting       | 6 |  6.0
Spellcasting   | |  1.0

Action                     |  1- 3 |  4- 6 |  7- 9 | 10-12 || total
---------------------------+-------+-------+-------+-------++-------
  Melee: Mace              |     4 |    79 |   150 |   191 ||   424
         Tailslap          |       |    12 |    38 |    66 ||   116
         Punch             |       |       |       |    12 ||    12
         Falchion          |       |       |       |   147 ||   147
   Fire: Sling             |    93 |    99 |   359 |   311 ||   862
   Cast: Slow              |     5 |     4 |       |       ||     9
         Cause Fear        |       |       |       |     1 ||     1
 Invoke: Minor Destruction |       |     3 |     2 |     1 ||     6
Ability: Breathe Noxious F |       |       |    10 |    22 ||    32
  Evoke: Wand              |       |       |     9 |     3 ||    12
    Use: Scroll            |     1 |       |    10 |     6 ||    17
         Potion            |       |       |       |     4 ||     4
   Stab: Confused          |       |       |     6 |    34 ||    40
         Sleeping          |       |       |       |     1 ||     1
 Armour: Skin              |    23 |    34 |    72 |   174 ||   303
  Dodge: Dodged            |    30 |    78 |   142 |   409 ||   659
